 Dungeon Crawl Stone Soup version 0.19-a0-944-gb338e1e (webtiles) character file.

673 retryentry the Skirmisher (level 7, -2/61 HPs)
             Began as a Demigod Fighter on July 8, 2016.
             Slain by a centaur (4 damage)
             ... on level 5 of the Dungeon.
             The game lasted 00:07:01 (3923 turns).

retryentry the Skirmisher (Demigod Fighter)         Turns: 3923, Time: 00:07:02

Health: -2/61      AC:  9    Str: 19    XL:     7   Next: 10%
Magic:  12/12      EV:  9    Int: 17    God:
Gold:   188        SH: 10    Dex: 24    Spells: 0 memorised, 6 levels left

rFire  . . .     SeeInvis .     w - +0 scimitar
rCold  . . .     Gourm    .     p - +0 chain mail
rNeg   . . .     Faith    .     c - +0 shield
rPois  .         Spirit   .     C - +0 helmet
rElec  .         Dismiss  .     (no cloak)
rCorr  .         Reflect  .     (no gloves)
SustAt +         Harm     .     (no boots)
MR     .....                    (no amulet)
Stlth  ..........               (no ring)
                                (no ring)

@: brilliant, agile, drained, not resistant to hostile enchantments, extremely
unstealthy
A: high mp 1, sustain attributes
a: no special abilities


You were on level 5 of the Dungeon.
You were not hungry.

You visited 1 branch of the dungeon, and saw 5 of its levels.

You collected 188 gold pieces.

Inventory:

Hand Weapons
 w - a +0 scimitar (weapon)
Missiles
 r - 5 tomahawks (quivered)
 y - 7 javelins
Armour
 c - a +0 shield (worn)
 p - a +0 chain mail (worn)
 C - a +0 helmet (worn)
Jewellery
 s - an uncursed ring of protection from fire {unknown}
Wands
 q - a wand of iceblast (0/15)
Scrolls
 b - a scroll of immolation {unknown}
 e - 3 scrolls of remove curse {unknown}
 h - a scroll of teleportation {unknown}
 j - 2 scrolls of blinking {unknown}
 k - 3 scrolls of identify {unknown}
 l - a scroll of fear {unknown}
 m - 2 scrolls of enchant armour {unknown}
 o - 2 scrolls of recharging {unknown}
 z - a scroll of enchant weapon {unknown}
 D - a scroll of amnesia {unknown}
Potions
 d - a potion of might
 g - a potion of flight {unknown}
 n - a potion of mutation {unknown}
 t - a potion of ambrosia {unknown}
 u - a potion of heal wounds {unknown}
 B - a potion of invisibility {unknown}
 E - a potion of curing {unknown}
Comestibles
 a - a beef jerky
 f - 5 bread rations
 i - 3 meat rations
 A - 4 chunks of flesh


   Skills:
 + Level 5.3(4.8) Fighting
 + Level 4.9(4.4) Long Blades
 - Level 2.6(2.2) Armour
 - Level 2.6(2.2) Shields
 * Level 3.0(2.5) Evocations


You had 6 spell levels left.
You didn't know any spells.

Dungeon Overview and Level Annotations

Branches:
Dungeon (5/15)
 Temple: D:4-7


Innate Abilities, Weirdness & Mutations

You have an increased reservoir of magic. (+10% MP)
Your attributes are resistant to harm.


Message History

The centaur barely misses you.
You riposte.
You barely miss the centaur.
The centaur is moderately wounded.
The centaur barely misses you.
The centaur hits you but does no damage.
The centaur completely misses you.
You closely miss the centaur.
The centaur is moderately wounded.
The centaur barely misses you. You block the centaur's attack.
The centaur hits you.
* * * LOW HITPOINT WARNING * * *
The centaur hits you.
* * * LOW HITPOINT WARNING * * *
It was a potion of brilliance.
You feel clever all of a sudden.
The centaur hits you but does no damage.
You block the centaur's attack.
It was a potion of agility.
You feel agile all of a sudden. The centaur hits you.
You die...

#...# #...#
####...####
###.........#
#...........# #
#.#.........# ..
#.####..†#### ##.
#(# #...#
....########@#
#...# #
#c....((.cc# ##.##
....#...###### #.#
#...(.# #.#
........(# #.#
?#.#.....#
##.########## #
##...##
#####............
##...
............######
#### #########.#.#


You could see 2 centaurs.

Vanquished Creatures
  The ghost of tstbtto the Slasher, an amateur HEFi of Okawaru (D:4)
  2 scorpions
  A howler monkey (D:4)
  A quasit (D:5)
  An orc wizard (D:5)
  2 orc priests
  A worker ant (D:4)
  4 gnolls
  2 adders
  4 worms
  2 dart slugs
  3 giant geckos
  11 orcs
  5 ball pythons
  4 giant cockroaches
  5 goblins
  8 hobgoblins
  2 jackals (D:2)
  2 quokkas (D:3)
  4 bats
  A giant gecko zombie (D:5)
  11 kobolds
  10 rats
87 creatures vanquished.

Vanquished Creatures (others)
  A sky beast (D:5)
1 creature vanquished.

Grand Total: 88 creatures vanquished

Notes
Turn   | Place    | Note
-------+----------+-------------------------------------------
     0 | D:1      | retryentry the Demigod Fighter began the quest for the Orb.
     0 | D:1      | Reached XP level 1. HP: 18/18 MP: 3/3
   248 | D:1      | Reached skill level 3 in Fighting
   347 | D:1      | Reached XP level 2. HP: 22/26 MP: 4/4
   933 | D:2      | Found a faded altar of an unknown god.
  1115 | D:2      | Found a hide-covered altar of Uskayaw.
  1164 | D:2      | Reached XP level 3. HP: 31/33 MP: 5/5
  1562 | D:3      | Reached skill level 1 in Evocations
  1920 | D:3      | Reached skill level 4 in Fighting
  1920 | D:3      | Reached XP level 4. HP: 40/40 MP: 7/7
  2799 | D:4      | Noticed tstbtto's ghost (amateur HEFi)
  2818 | D:4      | Killed tstbtto's ghost
  2818 | D:4      | Reached XP level 5. HP: 3/47 MP: 7/9
  3172 | D:4      | Reached XP level 6. HP: 53/53 MP: 10/10
  3381 | D:4      | Reached skill level 5 in Fighting
  3423 | D:5      | Entered Level 5 of the Dungeon
  3883 | D:5      | Reached XP level 7. HP: 61/61 MP: 12/12
  3921 | D:5      | HP: 1/61 [centaur (4)]
  3923 | D:5      | Slain by a centaur

Vault maps used:
D:1:      dpeg_arrival_central, roderic_chinese_pattern_swastika
D:2:      nicolae_overflow_crystal_walls, ecumenical_altar_2
D:3:      kennysheep_doodads, st_stairs_11
D:4:      st_stairs_10
D:5:      led_sif_pool, first_bread

Skill      XL: |  1  2  3  4  5  6  7 |
---------------+----------------------+-----
Fighting       | 3 4 5 |  5.3
Long Blades    | 2 3 4 |  4.9
Evocations     | 1 2 3 |  3.0
Armour         | |  2.6
Shields        | |  2.6

Action                   |  1- 3 |  4- 6 |  7- 9 || total
-------------------------+-------+-------+-------++-------
Melee: Long sword        |   151 |       |       ||   151
       Scimitar          |    14 |   155 |    11 ||   180
Evoke: Wand              |       |     3 |       ||     3
  Use: Potion            |       |       |     2 ||     2
  Eat: Chunk             |     4 |     6 |       ||    10
Armor: Scale mail        |    29 |       |       ||    29
       Chain mail        |    45 |    71 |     9 ||   125
Dodge: Dodged            |    31 |    22 |     7 ||    60
Block: Shield            |    73 |    70 |     9 ||   152
